[Event "*** Titled Tuesday Blitz"]
[Site "Chess.com"]
[Date "2019.03.05"]
[Round "2"]
[White "LarissaSteenbekkers"]
[Black "salomez"]
[Result "0-1"]
[WhiteElo "2003"]
[BlackElo "2086"]
[TimeControl "180+2"]
[EndTime "13:20:51 PST"]
[Termination "salomez won by resignation"]

1. e4 d6 2. d4 g6 3. Nc3 Bg7 4.
f4 e6 5. Nf3 Ne7 6. Bd3 Nd7 7.
O-O b6 8. a4 a6 9. Qe2 Bb7 10.
Bd2 O-O 11. Rae1 Qb8 12. e5 Qa7 13. Kh1 dxe5 14. fxe5 c5 15. Be3 cxd4 16. Bxd4 Nc6 17. Bf2 Ndxe5 18. Nxe5 Nxe5 19. a5 Nxd3 20. Qxd3 Rad8 21.
Qg3 Bd4 22. axb6 Qxb6 23. Qh4 Bxf2 24. Rxf2 Qxb2 25. Ne4 Bxe4 26. Qxe4 Qd4 27. Qe2 a5 28. g3 a4 29. Rf4 Qd5+ 30. Kg1 a3 31. Ra4 Ra8 32. Rxa8 Rxa8 0-1

[Event "*** Titled Tuesday Blitz"]
[Site "Chess.com"]
[Date "2019.03.05"]
[Round "2"]
[White "BasilSmash"]
[Black "Annawel"]
[Result "0-1"]
[WhiteElo "2304"]
[BlackElo "2901"]
[TimeControl "180+2"]
[EndTime "13:20:52 PST"]
[Termination "Annawel won by resignation"]

1. e4 g6 2. d4 Bg7 3. Nf3 d6 4. Bc4 Nf6 5. Qe2 O-O 6. O-O Bg4 7.
Nbd2 Nc6 8. e5 Nxd4 9. Nxd4 Bxe2 10. exf6 Bxf1 11. fxg7 Bxc4 12. gxf8=Q+ Qxf8 13. Nxc4 e5 14. Nf3 e4 15. Ng5 f6 16. Nh3 d5 17. Ne3 d4 18.
Nd5 c6 19. Ndf4 Re8 20. Bd2 Qc5 21. Rc1 e3 22. Be1 g5 23. Nd3 Qd5 24. b3 h6 25.
fxe3 dxe3 26. Bc3 f5 27. Kf1 e2+ 28. Kg1 f4 29. Nhf2 f3 30. gxf3 Qxf3 31. Re1 g4 32. Be5 h5 33. Bg3 b5 34. Ne5 Qe3 35. Nxc6 Qc3 0-1

[Event "*** Titled Tuesday Blitz"]
[Site "Chess.com"]
[Date "2019.03.05"]
[Round "2"]
[White "Divertissement"]
[Black "Pechen_Yeltsina"]
[Result "1-0"]
[WhiteElo "2745"]
[BlackElo "2650"]
[TimeControl "180+2"]
[EndTime "13:20:53 PST"]
[Termination "Divertissement won by resignation"]

1. c4 e5 2. Nc3 Nc6 3. g3 Bc5 4. Bg2 d6 5. e3 Be6 6. d3 Qd7 7. a3 Bb6 8. Nd5 Nge7 9. h3 h5 10. Ne2 f6 11. Nec3 Nd8 12. b4 c6 13. Nxb6 axb6 14. Bb2 Nf7 15. Qe2 Ng5 16. h4 Bg4 17. f3 Nf5 18. Qf2 Nxf3+ 19. Bxf3 Bxf3 20. Qxf3 O-O-O 21. O-O-O d5 22. cxd5 cxd5 23. Kb1 d4 24. exd4 Nxd4 25. Qg2 Kb8 26. Ne4 Rc8 27. Rc1 Qb5 28.
Rhd1 Rxc1+ 29. Bxc1 Rc8 30. Nd6 Qc6 31. Qxc6 Rxc6 32. Ne4 f5 33. Ng5 Ne2 34. Bb2 Nxg3 35.
Bxe5+ 1-0

[Event "*** Titled Tuesday Blitz"]
[Site "Chess.com"]
[Date "2019.03.05"]
[Round "2"]
[White "Alexander_Moskalenko"]
[Black "Didici"]
[Result "1-0"]
[WhiteElo "2749"]
[BlackElo "2565"]
[TimeControl "180+2"]
[EndTime "13:21:01 PST"]
[Termination "Alexander_Moskalenko won by resignation"]

1. c4 f5 2. d4 Nf6 3. Nf3 g6 4. g3 Bg7 5. Bg2 O-O 6. O-O d6 7. Nc3 e6 8. Qc2 Nc6 9. Rd1 Qe7 10. e4 fxe4 11. Nxe4 Nxe4 12. Qxe4 e5 13. dxe5 dxe5 14.
Be3 Kh8 15. h3 Bf5 16. Qh4 Bf6 17. Bg5 e4 18. Bxf6+ Rxf6 19. Ng5 Re8 20. Nxh7 Qxh7 21. Qxf6+ Kg8 22. g4 Bc8 23. Re1 Ne5 24. Rxe4 1-0

[Event "*** Titled Tuesday Blitz"]
[Site "Chess.com"]
[Date "2019.03.05"]
[Round "2"]
[White "Al_Shima"]
[Black "diskeleven"]
[Result "1-0"]
[WhiteElo "2446"]
[BlackElo "2270"]
[TimeControl "180+2"]
[EndTime "13:21:04 PST"]
[Termination "Al_Shima won by resignation"]

1. b3 d5 2. Bb2 Bg4 3. f3 Bh5 4. e4 dxe4 5. Qe2 Nf6 6. Bxf6 gxf6 7. Qb5+ Nc6 8. Qxh5 Qd4 9. c3 Qd6 10. fxe4 O-O-O 11. Qd5 Qf4 12. Qf5+ Qxf5 13. exf5 Ne5 14. Nf3 Nxf3+ 15.
gxf3 Bh6 16. Rg1 e5 17. fxe6 fxe6 18. Bh3 f5 19. Rg2 Rd3 20. a4 Rxf3 21. Rg3 Rf4 22. Na3 Re4+ 23. Kd1 Bf4 24. Rg2 Rd8 25. Kc2 a6 26.
Nc4 b5 27. axb5 axb5 28. Ra8+ Kd7 29. Rxd8+ Kxd8 30. Nb2 Bd6 31. Rf2 Rh4 32. Bf1 c6 33. h3 Bg3 34. Rf3 f4 35. d4 Rh6 36. Nd3 Rf6 37.
Ne5 Kc7 38. Kd3 h5 39. Ke4 h4 40. Nd3 Rf8 41. Nxf4 Kd6 42. Ne2 Rg8 43. Nxg3 hxg3 44. Bg2 1-0

[Event "*** Titled Tuesday Blitz"]
[Site "Chess.com"]
[Date "2019.03.05"]
[Round "2"]
[White "NateSolon"]
[Black "GeorgMeier"]
[Result "0-1"]
[WhiteElo "2577"]
[BlackElo "2825"]
[TimeControl "180+2"]
[EndTime "13:21:14 PST"]
[Termination "GeorgMeier won by resignation"]

1. d4 e6 2. Nf3 Nf6 3. Bf4 Be7 4.
e3 Nh5 5. Bg3 d6 6. Bd3 b6 7. c3 Bb7 8. Nbd2 Nd7 9. Qe2 a6 10. e4 g6 11. O-O-O b5 12. Kb1 c5 13. dxc5 Nxc5 14. Bc2 Rc8 15. Nd4 e5 16. N4b3 Na4 17.
Nc1 Qc7 18. Bb3 Kf8 19. Nd3 Kg7 20. Nb4 Nxb2 21. Qf3 Nc4 22. Bxc4 bxc4 23. Ka1 f5 24. Qe2 f4 25. Qg4 Nf6 26. Qe6 fxg3 27. hxg3 Qd7 0-1

[Event "*** Titled Tuesday Blitz"]
[Site "Chess.com"]
[Date "2019.03.05"]
[Round "2"]
[White "Romn69"]
[Black "ASVZ"]
[Result "0-1"]
[WhiteElo "2235"]
[BlackElo "2399"]
[TimeControl "180+2"]
[EndTime "13:21:21 PST"]
[Termination "ASVZ won by resignation"]

1. d4 e6 2. Nf3 f5 3. g3 b6 4.
Bg2 Bb7 5. O-O Nf6 6. c4 g6 7.
Nc3 Bg7 8. d5 O-O 9. e4 Nxe4 10.
Nxe4 fxe4 11. Ng5 exd5 12. cxd5 e3 13. Bxe3 Bxb2 14. Qb3 Bxa1 15. d6+ Kg7 16. Bxb7 Qf6 17. dxc7 Nc6 18. Bxa8 Rxa8 19. Qd1 Bd4 20. h4 Rc8 21. Qg4 Rxc7 22. Rd1 Bxe3 23. Rxd7+ Rxd7 24. Qxd7+ Qe7 25. Qd5 Bxg5 0-1

[Event "*** Titled Tuesday Blitz"]
[Site "Chess.com"]
[Date "2019.03.05"]
[Round "2"]
[White "Jenia84"]
[Black "gunslinger222"]
[Result "0-1"]
[WhiteElo "2170"]
[BlackElo "2200"]
[TimeControl "180+2"]
[EndTime "13:21:23 PST"]
[Termination "gunslinger222 won by resignation"]

1. e4 e6 2. d4 d5 3. Nc3 Bb4 4.
e5 Ne7 5. a3 Bxc3+ 6. bxc3 c5 7. Qg4 Kf8 8. h4 h5 9. Qd1 Qa5 10. Bd2 Qa4 11. Bd3 Nbc6 12. Nf3 cxd4 13. cxd4 Nxd4 14. Bb4 Nxf3+ 15. Qxf3 a5 16. Bg6 Qe8 17. Bd6 Kg8 18. Bd3 Bd7 19. Rb1 Bc6 20. O-O Nc8 21.
Bc5 Qd7 22. Qg3 d4 23. f4 Qd5 24. Bb6 Nxb6 25. Rxb6 Qc5 26. Rbb1 Kf8 27. f5 Ke7 28. f6+ gxf6 29. exf6+ Kd7 30. Rbe1 Rhg8 0-1

[Event "*** Titled Tuesday Blitz"]
[Site "Chess.com"]
[Date "2019.03.05"]
[Round "2"]
[White "017290"]
[Black "yuki_chess123"]
[Result "0-1"]
[WhiteElo "2172"]
[BlackElo "2147"]
[TimeControl "180+2"]
[EndTime "13:21:32 PST"]
[Termination "yuki_chess123 won by resignation"]

1. e4 g6 2. d4 Bg7 3. Nf3 c6 4. Nc3 d5 5. Bd3 Bg4 6. h3 Bxf3 7. Qxf3 dxe4 8. Bxe4 Qxd4 9. Bd2 Nf6 10. Bd3 Nbd7 11. O-O-O Ne5 12. Qe2 Nxd3+ 13. cxd3 Nd5 14. Rhe1 O-O 15.
Qf3 e6 16. Re4 Qb6 17. Rc4 Rad8 18. a3 Nxc3 19. Bxc3 Bxc3 20. Rxc3 Qb5 21. Qe3 a6 22. Rc5 Qb3 23. h4 Rd5 24. Rc3 Qa2 25. Kc2 Rb5 26. Rb1 Qd5 27. g4 Rd8 28. Rg1 Qa2 29.
Qc1 Rdd5 30. h5 Rdc5 31. Qb1 Qb3+ 32. Kc1 Rxc3+ 33. bxc3 Qxb1+ 34. Kd2 Qxg1 35. Ke2 Rb2+ 36. Ke3 Qxf2+ 37. Ke4 0-1

[Event "*** Titled Tuesday Blitz"]
[Site "Chess.com"]
[Date "2019.03.05"]
[Round "2"]
[White "Siemba"]
[Black "chesstatour"]
[Result "1-0"]
[WhiteElo "2098"]
[BlackElo "2012"]
[TimeControl "180+2"]
[EndTime "13:21:33 PST"]
[Termination "Siemba won on time"]

1. e4 c6 2. d4 d5 3. Nd2 dxe4 4. Nxe4 Nf6 5. Nxf6+ gxf6 6. c3 Bf5 7. Nf3 e6 8. g3 Qd5 9. Bg2 Qe4+ 10. Qe2 Qxe2+ 11.
Kxe2 Nd7 12. Re1 O-O-O 13. Be3 Be4 14. Bh3 Bxf3+ 15. Kxf3 h5 16. Rad1 Bh6 17. Bxh6 Rxh6 18. c4 Kc7 19. Kg2 f5 20. d5 Nb6 21. d6+ Kd7 22.
c5 Nd5 23. a3 h4 24. Rd4 hxg3 25. hxg3 Rdh8 26. Rh1 f4 27. gxf4 Rh4 28. Kg3 R4h7 29. f5 Rg8+ 30. Kf3 Rgh8 31. fxe6+ fxe6 32. Kg3 1-0

[Event "*** Titled Tuesday Blitz"]
[Site "Chess.com"]
[Date "2019.03.05"]
[Round "2"]
[White "GrigorGrigorov"]
[Black "Chess_for_enjoy"]
[Result "0-1"]
[WhiteElo "2827"]
[BlackElo "2641"]
[TimeControl "180+2"]
[EndTime "13:21:35 PST"]
[Termination "Chess_for_enjoy won by resignation"]

1. Nf3 d5 2. g3 Nf6 3. Bg2 c6 4. O-O Bf5 5. d3 e6 6. c4 Nbd7 7. cxd5 exd5 8. Nc3 Be7 9. Qc2 O-O 10. e4 dxe4 11.
dxe4 Bg6 12. Nh4 Qa5 13. Nxg6 hxg6 14. Bd2 Qb6 15. h3 Rfe8 16. Kh2 Ne5 17. Rad1 Rad8 18. Be3 Qa5 19. b3 Bb4 20. Na4 b6 21. Kh1 Nh5 22. Kh2 Nf6 23. Bc1 b5 24. Nc5 Bxc5 25. Qxc5 Nd3 26. Qxc6 Nxc1 27. Qxc1 Rxd1 28. Rxd1 Qxa2 29. Qe3 a5 30. Qe2 Qxe2 0-1

[Event "*** Titled Tuesday Blitz"]
[Site "Chess.com"]
[Date "2019.03.05"]
[Round "2"]
[White "Babas"]
[Black "albi1999"]
[Result "0-1"]
[WhiteElo "2258"]
[BlackElo "2426"]
[TimeControl "180+2"]
[EndTime "13:21:39 PST"]
[Termination "albi1999 won by resignation"]

1. c4 e5 2. Nc3 Nf6 3. g3 Bb4 4. Bg2 O-O 5. Nf3 Re8 6. O-O e4 7. Ng5 Bxc3 8. dxc3 d6 9. Qc2 Bf5 10. Be3 Nbd7 11. h3 h6 12. Nxf7 Kxf7 13. Rfd1 Bh7 14. c5 d5 15. c4 c6 16. b4 Kg8 17. a4 Qe7 18. b5 Rac8 19. cxd5 Nxd5 20. Qa2 Kh8 21.
Bd4 Nxc5 22. Rac1 Ne6 23. Ba1 Qf7 24. f4 exf3 25. exf3 Ne3 26. Rd6 Nxg2 27. Kxg2 Ng5 28. Qxf7 Nxf7 29. Rd7 Kg8 30. Rxb7 cxb5 31. Rxc8 Rxc8 32.
axb5 Rc2+ 33. Kf1 Rc1+ 34. Ke2 Rxa1 0-1

[Event "*** Titled Tuesday Blitz"]
[Site "Chess.com"]
[Date "2019.03.05"]
[Round "2"]
[White "DanielMieles1985"]
[Black "kuli4ik"]
[Result "0-1"]
[WhiteElo "2561"]
[BlackElo "2774"]
[TimeControl "180+2"]
[EndTime "13:21:41 PST"]
[Termination "kuli4ik won by resignation"]

1. d4 d5 2. c4 c6 3. cxd5 cxd5 4. Bg5 h6 5. Bh4 Qb6 6. Nc3 e6 7. Rb1 Ne7 8. f3 Nbc6 9. Bf2 Bd7 10. e4 g6 11. exd5 Nxd5 12. Nxd5 exd5 13. Bd3 Bg7 14.
Ne2 O-O 15. Qb3 Nb4 16. Rd1 Rfe8 17. Kf1 Nxd3 18. Rxd3 Bb5 19. Re3 Qa6 20. Qc2 Bxd4 21. Rxe8+ Rxe8 22. Bxd4 Rxe2 23. Qc8+ Re8+ 0-1

[Event "*** Titled Tuesday Blitz"]
[Site "Chess.com"]
[Date "2019.03.05"]
[Round "2"]
[White "x-3738459472"]
[Black "fu24"]
[Result "1-0"]
[WhiteElo "2454"]
[BlackElo "2503"]
[TimeControl "180+2"]
[EndTime "13:21:41 PST"]
[Termination "x-3738459472 won by resignation"]

1. e4 e6 2. d4 d5 3. Nd2 Be7 4.
c3 Nf6 5. e5 Nfd7 6. Bd3 c5 7.
Ne2 b6 8. O-O Ba6 9. Bxa6 Nxa6 10. f4 g6 11. Nf3 b5 12. a3 c4 13. Kh1 Nb6 14. g4 h5 15. gxh5 Rxh5 16. Ng3 Rh7 17.
Ng5 Bxg5 18. fxg5 Ke7 19. b4 Na4 20. Qf3 Qh8 21. Ra2 Rf8 22. Raf2 Nb8 23. Bd2 Nc6 24.
Ne2 Rh3 25. Qg2 Rh7 26. Nf4 Rg8 27. Nxd5+ exd5 28. Qxd5 Nd8 29. Qxb5 Nb6 30. d5 Rh4 31. Be3 Qxe5 32. Bc5+ Qd6 33. Re2+ 1-0

[Event "*** Titled Tuesday Blitz"]
[Site "Chess.com"]
[Date "2019.03.05"]
[Round "2"]
[White "NoGalloNoParty"]
[Black "Kimster98"]
[Result "0-1"]
[WhiteElo "2330"]
[BlackElo "2609"]
[TimeControl "180+2"]
[EndTime "13:21:41 PST"]
[Termination "Kimster98 won by checkmate"]

1. Nf3 d6 2. c4 e5 3. Nc3 f5 4.
d3 Nf6 5. g3 g6 6. Bg2 Bg7 7.
O-O O-O 8. Rb1 a5 9. a3 c6 10. b4 axb4 11. axb4 Nbd7 12. Bb2 Qe7 13. Nd2 Nb6 14.
c5 dxc5 15. bxc5 Qxc5 16. Qb3+ Kh8 17. Rfc1 Nbd7 18. Na4 Qa5 19. Ra1 Qxd2 20. e3 b5 21. Nc3 Rxa1 22. Rxa1 Nc5 23. Qa3 b4 24. Qxb4 Nxd3 25. Qe7 Qxf2+ 26. Kh1 Qxb2 27. Ra7 Qc1+ 28. Bf1 Qxf1# 0-1

[Event "*** Titled Tuesday Blitz"]
[Site "Chess.com"]
[Date "2019.03.05"]
[Round "2"]
[White "emperor87"]
[Black "gmcorrales"]
[Result "0-1"]
[WhiteElo "2451"]
[BlackElo "2706"]
[TimeControl "180+2"]
[EndTime "13:21:45 PST"]
[Termination "gmcorrales won by resignation"]

1. Nf3 Nf6 2. g3 g6 3. Bg2 Bg7 4. O-O O-O 5. c4 c5 6. Nc3 Nc6 7. e3 d5 8. b3 d4 9. exd4 cxd4 10. Na4 e5 11. d3 e4 12. dxe4 Nxe4 13. Bb2 Nc3 14. Qd2 Re8 15. Rfe1 Rxe1+ 16. Rxe1 Nxa4 17. bxa4 Be6 18. Rd1 Qa5 19. Qxa5 Nxa5 20. Bxd4 Rd8 21. Rd2 Nxc4 22. Rd3 Ne5 23. Nxe5 Bxe5 24. Bxe5 Rxd3 25. Bxb7 Ra3 26. Bc6 Rxa2 27. Kg2 Bb3 28. Bd4 Bxa4 0-1

[Event "*** Titled Tuesday Blitz"]
[Site "Chess.com"]
[Date "2019.03.05"]
[Round "2"]
[White "Quiet_Desperation"]
[Black "Mbneu"]
[Result "1-0"]
[WhiteElo "2407"]
[BlackElo "2236"]
[TimeControl "180+2"]
[EndTime "13:21:47 PST"]
[Termination "Quiet_Desperation won by resignation"]

1. e4 c5 2. d4 cxd4 3. c3 d5 4. exd5 Nf6 5. Nf3 Nxd5 6. cxd4 Nc6 7. Nc3 e6 8. Bd3 Be7 9. a3 O-O 10. h4 b6 11. Nxd5 exd5 12. Bxh7+ Kxh7 13. Ng5+ Kg6 14. h5+ Kf6 15. Qf3+ Bf5 16. g4 Nxd4 17. Nh7+ Ke6 18. gxf5+ Kd6 19. Qf4+ Kc6 20. Qxd4 Rh8 21. Qxg7 Qe8 22.
Be3 d4 23. Rc1+ Kb7 24. Qxd4 Rxh7 25. Qe4+ Ka6 26. f6 Bxf6 27. Qxh7 Bxb2 28. Qd3+ Kb7 29. Qd5+ Ka6 30. Qc4+ Kb7 31. Rc2 Bxa3 32. Qd5+ Ka6 33. Qd3+ 1-0

[Event "*** Titled Tuesday Blitz"]
[Site "Chess.com"]
[Date "2019.03.05"]
[Round "2"]
[White "Amirreza_p"]
[Black "Sashadav97"]
[Result "1/2-1/2"]
[WhiteElo "2826"]
[BlackElo "2643"]
[TimeControl "180+2"]
[EndTime "13:21:48 PST"]
[Termination "Game drawn by repetition"]

1. e4 c5 2. c3 Nf6 3. e5 Nd5 4. d4 cxd4 5. cxd4 e6 6. Nf3 d6 7. Bd3 dxe5 8. dxe5 Nb4 9. Be4 Qxd1+ 10. Kxd1 Be7 11.
a3 N4c6 12. Nc3 O-O 13. Ke2 Nd7 14. Bf4 Nc5 15. Bc2 a5 16. Rhd1 b6 17. Ne4 Ba6+ 18.
Ke1 Nxe4 19. Bxe4 Rac8 20. Rac1 Bc5 21. Be3 Bxe3 22. fxe3 Ne7 23. Nd4 g5 24. b3 Kg7 25.
g3 Ng6 26. Bxg6 hxg6 27. Kf2 Bb7 28. g4 Bd5 29. Kg3 Rc5 30. b4 axb4 31. axb4 Rxc1 32.
Rxc1 Ra8 33. h4 Ra3 34. Re1 gxh4+ 35. Kxh4 Rd3 36. Kg5 Rd2 37. Rc1 Rd3 38. Re1 Rd2 39. Rc1 Rd3 40. Re1 1/2-1/2

[Event "*** Titled Tuesday Blitz"]
[Site "Chess.com"]
[Date "2019.03.05"]
[Round "2"]
[White "chessking2151"]
[Black "jlucasvf"]
[Result "1-0"]
[WhiteElo "2583"]
[BlackElo "2727"]
[TimeControl "180+2"]
[EndTime "13:21:57 PST"]
[Termination "chessking2151 won by checkmate"]

1. d4 Nf6 2. Nf3 d5 3. c4 e6 4. Nc3 dxc4 5. Bg5 Bb4 6. e3 b5 7. a4 c6 8. Be2 h6 9. Bh4 g5 10. Bg3 Ne4 11. Qc2 Nxg3 12. hxg3 Bb7 13. Kf1 a6 14. Ne4 Be7 15. Ne5 Nd7 16. Rd1 Qc7 17.
Nxd7 Qxd7 18. Nc5 Qc7 19. Bh5 Rd8 20. Nxe6 Qd6 21. Qf5 Bc8 22. Ng7+ Kf8 23. Qxf7# 1-0

[Event "*** Titled Tuesday Blitz"]
[Site "Chess.com"]
[Date "2019.03.05"]
[Round "2"]
[White "Alexander_Donchenko"]
[Black "JoachimMouhamad"]
[Result "1-0"]
[WhiteElo "2732"]
[BlackElo "2314"]
[TimeControl "180+2"]
[EndTime "13:22:05 PST"]
[Termination "Alexander_Donchenko won by resignation"]

1. Nf3 Nf6 2. g3 g6 3. Bg2 Bg7 4. O-O O-O 5. d4 d6 6. b3 a5 7.
a4 Nc6 8. Bb2 Bf5 9. Nbd2 Nb4 10. Ne1 d5 11. c3 Nc6 12. Nd3 Ne4 13. Nxe4 Bxe4 14. f3 Bf5 15. e4 Bc8 16. e5 Bf5 17. g4 Bc8 18. f4 e6 19. g5 Ne7 20. h4 h5 21. gxh6 Bxh6 22. h5 Nf5 23. Qf3 b6 24.
Ba3 Re8 25. Bh3 Qh4 26. hxg6 fxg6 27. Ra2 Kh7 28. Rh2 Qg3+ 29. Qxg3 Nxg3 30. Rf3 Nf5 31. Bxf5 gxf5 32. Rfh3 Rg8+ 33. Kf2 Rg6 34. Be7 Ba6 35. Ne1 Rag8 36. Bg5 1-0

[Event "*** Titled Tuesday Blitz"]
[Site "Chess.com"]
[Date "2019.03.05"]
[Round "2"]
[White "Shant_Sargsyan"]
[Black "HindsightIs2700"]
[Result "1-0"]
[WhiteElo "2917"]
[BlackElo "2306"]
[TimeControl "180+2"]
[EndTime "13:22:07 PST"]
[Termination "Shant_Sargsyan won by checkmate"]

1. e4 e6 2. d4 d5 3. Nc3 Nf6 4.
Bg5 dxe4 5. Nxe4 Be7 6. Bxf6 gxf6 7. Nf3 f5 8. Nc3 a6 9. d5 Bf6 10. Qd2 b5 11. O-O-O b4 12. Na4 Bb7 13. Bc4 e5 14.
Nc5 Bc8 15. Nxe5 Bxe5 16. Rhe1 O-O 17. Rxe5 Qd6 18. Nd3 Nd7 19. Ree1 Nb6 20. Qg5+ Kh8 21. Qh4 Bb7 22. Qd4+ Kg8 23. Nf4 Rae8 24. g3 a5 25. Rxe8 Rxe8 26. Bb5 Re4 27. Qd2 Qc5 28. Bd3 Rd4 29. Qe3 Nxd5 30. Nxd5 Qxd5 31. Qg5+ Kf8 32. Qh6+ Kg8 33. Re1 Bc6 34. Qg5+ Kf8 35. Bxf5 Qc5 36. Qh6+ Kg8 37. Qxh7+ Kf8 38. Qh8# 1-0

[Event "*** Titled Tuesday Blitz"]
[Site "Chess.com"]
[Date "2019.03.05"]
[Round "2"]
[White "dopolian"]
[Black "Denis_Palkovich"]
[Result "1-0"]
[WhiteElo "2170"]
[BlackElo "2248"]
[TimeControl "180+2"]
[EndTime "13:22:08 PST"]
[Termination "dopolian won by resignation"]

1. e4 c6 2. Nc3 d5 3. Nf3 dxe4 4. Nxe4 Nf6 5. Nxf6+ exf6 6. d4 Bf5 7. Bd3 Bxd3 8.
Qxd3 Bd6 9. O-O O-O 10. c4 Nd7 11. Be3 Re8 12. Rfd1 Qc7 13. g3 g6 14. c5 Bf8 15.
b4 a6 16. Bf4 Qc8 17. d5 Ne5 18. Qc3 cxd5 19. Nxe5 fxe5 20. Bxe5 Qe6 21. Re1 Qf5 22. Bd4 Re4 23. f3 Rxd4 24. Qxd4 Bg7 25. Qe3 Bxa1 26.
Rxa1 d4 27. Qxd4 Qxf3 28. Re1 Qc6 29. Qe4 Qxe4 30. Rxe4 a5 31. b5 Rc8 32. Rc4 f5 33.
a4 Kf7 34. c6 bxc6 35. bxc6 Ke6 36. Rc5 Kd6 37. Rxa5 Rxc6 38. Ra7 Rc7 39. Rxc7 Kxc7 40.
Kf2 Kb6 41. Ke3 g5 42. Kd4 Ka5 43. Ke5 f4 44. gxf4 gxf4 45. Kxf4 Kxa4 46. Kg5 Kb5 47. Kh6 Kc5 48. Kxh7 Kd5 49. Kg6 Ke6 50. h4 Ke7 51.
Kg7 1-0

[Event "*** Titled Tuesday Blitz"]
[Site "Chess.com"]
[Date "2019.03.05"]
[Round "2"]
[White "BlackBoarder"]
[Black "ENEASZ"]
[Result "0-1"]
[WhiteElo "2550"]
[BlackElo "2352"]
[TimeControl "180+2"]
[EndTime "13:22:13 PST"]
[Termination "ENEASZ won by checkmate"]

1. e4 d6 2. d4 Nf6 3. Nc3 e5 4. Nf3 Nbd7 5. Bc4 Be7 6. O-O O-O 7. a4 c6 8. a5 Nxe4 9. Nxe4 d5 10. Nc3 exd4 11.
Nxd5 cxd5 12. Bxd5 Nf6 13. Bb3 Bc5 14. Bg5 h6 15. Bh4 Bg4 16. Qd3 Qd6 17. h3 Bh5 18. g4 Nxg4 19. hxg4 Bxg4 20. Nh2 Bd7 21. Bg3 Qf6 22.
Qf3 Qg5 23. Qxb7 Bh3 24. Rfd1 d3 25. Rxd3 Rad8 26. Qf3 Rxd3 27. cxd3 Kh8 28. Nf1 f5 29. Qf4 Qg6 30. Re1 Qc6 31. Re4 fxe4 32. Qh4 Bxf1 33. Kxf1 exd3 34. Qc4 Qh1# 0-1

[Event "*** Titled Tuesday Blitz"]
[Site "Chess.com"]
[Date "2019.03.05"]
[Round "2"]
[White "Awentrap"]
[Black "gmjlh"]
[Result "1/2-1/2"]
[WhiteElo "2676"]
[BlackElo "2725"]
[TimeControl "180+2"]
[EndTime "13:22:15 PST"]
[Termination "Game drawn by agreement"]

1. e4 c6 2. Nf3 d5 3. Nc3 dxe4 4. Nxe4 Nf6 5. Qe2 Nxe4 6. Qxe4 Qa5 7. Bc4 Bf5 8. Qf4 e6 9. c3 Qd8 10. d4 Bd6 11.
Qe3 Nd7 12. O-O O-O 13. Re1 c5 14. dxc5 Bxc5 15. Qe2 Nb6 16. Bg5 Qc7 17. Bb3 h6 18. Bh4 Nd5 19. Bxd5 exd5 20. Bg3 Qc6 21. Qd2 Rad8 22.
Nd4 Bxd4 23. Qxd4 a6 24. Re7 Rfe8 25. Rae1 Rxe7 26. Rxe7 Re8 27. Qe5 Rxe7 28. Qxe7 Qe6 29.
Qxe6 Bxe6 30. a3 1/2-1/2

[Event "*** Titled Tuesday Blitz"]
[Site "Chess.com"]
[Date "2019.03.05"]
[Round "2"]
[White "SCIM"]
[Black "Zq1"]
[Result "0-1"]
[WhiteElo "2541"]
[BlackElo "2535"]
[TimeControl "180+2"]
[EndTime "13:22:17 PST"]
[Termination "Zq1 won by resignation"]

1. d4 Nf6 2. c4 a6 3. Nc3 c5 4.
dxc5 e6 5. Nf3 Bxc5 6. g3 b6 7. Bg2 Bb7 8. O-O Be7 9. b3 d6 10. Bb2 O-O 11. Rc1 Qc7 12. Qc2 Nbd7 13. Rfd1 Rac8 14.
Qb1 Rfe8 15. Qa1 h6 16. Ne1 Bxg2 17. Nxg2 Qb7 18. Rd2 b5 19. cxb5 axb5 20. Rcd1 b4 21. Na4 d5 22. Nf4 Bf8 23. Nd3 Ne4 24. h4 Nxd2 25.
Rxd2 Rc7 26. g4 Rec8 27. g5 hxg5 28. hxg5 Rc2 29. Rxc2 Rxc2 30. Qd1 Rc8 31. e3 Qc6 32. Nf4 Qc2 33. Qh5 Qh7 34. Qg4 Qe4 35. Qh5 Qf5 36. Qh4 Ne5 37. Bxe5 Qxe5 38. g6 Rc1+ 39. Kh2 fxg6 40. Qg4 Qf5 41. Qxg6 Qxg6 42. Nxg6 Bd6+ 43.
Kg2 Rc2 0-1

[Event "*** Titled Tuesday Blitz"]
[Site "Chess.com"]
[Date "2019.03.05"]
[Round "2"]
[White "MFBerna"]
[Black "StoreySniper"]
[Result "1-0"]
[WhiteElo "2418"]
[BlackElo "2376"]
[TimeControl "180+2"]
[EndTime "13:22:18 PST"]
[Termination "MFBerna won by resignation"]

1. e4 c6 2. d4 d5 3. exd5 cxd5 4. Bd3 Nc6 5. c3 Nf6 6. h3 g6 7. Nf3 Bg7 8. O-O O-O 9. Re1 a6 10. a4 Bf5 11. Bf4 Bxd3 12. Qxd3 Nh5 13. Bh2 e6 14. Nbd2 Bh6 15. Nb3 b6 16. Ne5 Nxe5 17.
Rxe5 Nf6 18. a5 Nd7 19. Re2 b5 20. Nd2 Bxd2 21. Qxd2 Rc8 22. Qh6 Qf6 23. Rae1 b4 24.
Bd6 bxc3 25. Bxf8 Nxf8 26. bxc3 Rxc3 27. Rb1 Qxd4 28. Rb8 Qg7 29. Qxg7+ Kxg7 30. Rb6 Rc1+ 31. Kh2 Ra1 32. Rxa6 Nd7 33. Rc2 g5 34. Rc7 Ne5 35. Rxe6 Re1 36. Ree7 Kf6 37. a6 Ra1 38. a7 g4 39. Re8 g3+ 40. Kxg3 Ra3+ 41. f3 h5 42.
a8=Q 1-0

[Event "*** Titled Tuesday Blitz"]
[Site "Chess.com"]
[Date "2019.03.05"]
[Round "2"]
[White "7Madman"]
[Black "Mostii"]
[Result "1-0"]
[WhiteElo "2522"]
[BlackElo "2447"]
[TimeControl "180+2"]
[EndTime "13:22:21 PST"]
[Termination "7Madman won by checkmate"]

1. e4 e6 2. d4 d5 3. e5 c5 4. c3 Nc6 5. Nf3 cxd4 6. cxd4 a6 7. Nc3 Bd7 8. a3 Nge7 9. Bd3 Nc8 10. O-O Be7 11. b4 b5 12. Bb2 Nb6 13. Ne2 Nc4 14. Bc3 a5 15. Qb3 axb4 16. axb4 O-O 17. Nf4 Qb6 18.
Nh5 Ra4 19. Qc2 g6 20. Nf6+ Bxf6 21. exf6 Rfa8 22. Rxa4 Rxa4 23. Qc1 Qd8 24. Qf4 Nxb4 25. Bxb4 Rxb4 26. h4 Rb3 27. Bc2 Rc3 28. Bb1 b4 29. h5 b3 30. hxg6 hxg6 31. Qh4 b2 32. Ng5 Qxf6 33. Qh7+ Kf8 34. Qh6+ Ke7 35. Nh7 Qxd4 36.
Qf8# 1-0

[Event "*** Titled Tuesday Blitz"]
[Site "Chess.com"]
[Date "2019.03.05"]
[Round "2"]
[White "cheese111"]
[Black "BIG_Pirate"]
[Result "1-0"]
[WhiteElo "2451"]
[BlackElo "2361"]
[TimeControl "180+2"]
[EndTime "13:22:26 PST"]
[Termination "cheese111 won by resignation"]

1. e4 d5 2. exd5 Qxd5 3. Nc3 Qa5 4. d4 Nf6 5. Nf3 Bg4 6. h3 Bh5 7. g4 Bg6 8. Ne5 e6 9. Bg2 c6 10. h4 Nbd7 11. Nc4 Qb4 12. Qe2 h5 13. Bd2 Qe7 14.
Bf4 Qd8 15. g5 Ng8 16. d5 cxd5 17. Nxd5 Rc8 18. O-O-O b5 19. Nc7+ Rxc7 20. Bxc7 Qxc7 21. Ne3 Ne7 22. Qxb5 Nc8 23. Rxd7 Qxd7 24. Bc6 Nb6 25. Bxd7+ Nxd7 26. Rd1 1-0

[Event "*** Titled Tuesday Blitz"]
[Site "Chess.com"]
[Date "2019.03.05"]
[Round "2"]
[White "LLRChess"]
[Black "W_Amadeus"]
[Result "0-1"]
[WhiteElo "2298"]
[BlackElo "2641"]
[TimeControl "180+2"]
[EndTime "13:22:27 PST"]
[Termination "W_Amadeus won by resignation"]

1. f4 d6 2. Nf3 Nf6 3. g3 g6 4. Bg2 Bg7 5. O-O O-O 6. Re1 c5 7. e4 Nc6 8. c3 e6 9. d3 b5 10.
Nbd2 Bb7 11. Nf1 a5 12. Ne3 a4 13. a3 Na5 14. e5 Nd5 15. Ng4 Nb3 16. Rb1 h5 17.
Nf2 b4 18. c4 bxa3 19. cxd5 a2 20. Be3 axb1=Q 21. Qxb1 Bxd5 22. Ne4 Bxe4 23. dxe4 dxe5 24.
f5 c4 25. fxg6 fxg6 26. Nh4 Qd3 27. Nxg6 Qxb1 28. Rxb1 Rfe8 29. Bf1 c3 30. Bd3 cxb2 31. Rxb2 a3 32. Ra2 Kh7 33. Nh4 Bh6 34. Bxh6 Kxh6 35. Bc4 Nc1 36. Ra1 a2 37. Rxc1 Rec8 0-1